 Dungeon Crawl Stone Soup version 0.27.0-1-g7a089689b8 (webtiles) character file.

Game seed: 16435156832472656851

1326 dtburroughs the Skirmisher (level 8, -1/106 HPs)
             Began as a Minotaur Berserker on Aug 17, 2021.
             Was a Priest of Trog.
             Succumbed to Edmund's poison
             ... on level 6 of the Dungeon.
             The game lasted 00:08:30 (6414 turns).

dtburroughs the Skirmisher (Minotaur Berserker)     Turns: 6414, Time: 00:08:31

Health: -1/106     AC: 11    Str: 23    XL:     8   Next: 34%
Magic:  7/7        EV: 10    Int:  6    God:    Trog [***...]
Gold:   383        SH:  0    Dex: 15    Spells: 7/7 levels left

rFire    . . .     SeeInvis .   r - +0 war axe
rCold    . . .     Faith    .   (no shield)
rNeg     . . .     Spirit   .   g - +0 chain mail
rPois    .         Reflect  .   h - +0 hat
rElec    .         Harm     .   n - +0 cloak
rCorr    .         Rampage  .   (no gloves)
Will     .....                  (no boots)
Stlth    ..........             (no amulet)
HPRegen  0.27/turn              b - +6 ring of dexterity
MPRegen  0.10/turn              (no ring)

@: berserking, lethally poisoned (-1 -> -33), very quick
A: horns 2, retaliatory headbutt
a: Renounce Religion, Berserk, Trog's Hand


You were on level 6 of the Dungeon.
You worshipped Trog.
Trog was most pleased with you.
You visited 1 branch of the dungeon, and saw 6 of its levels.

You collected 383 gold pieces.

Inventory:

Hand Weapons
 a - a +0 hand axe
 r - a +0 war axe (weapon)
 s - a +0 morningstar
Armour
 g - a +0 chain mail (worn)
 h - a +0 hat (worn)
 n - a +0 cloak (worn)
 x - a scarf of repulsion
Jewellery
 b - a +6 ring of dexterity (left hand)
Wands
 k - a wand of paralysis (6)
 m - a wand of iceblast (6)
Scrolls
 c - 2 scrolls of amnesia {unknown}
 d - a scroll of enchant weapon {unknown}
 f - a scroll of fear {unknown}
 i - 2 scrolls of teleportation {unknown}
 j - 2 scrolls of noise {unknown}
 l - 4 scrolls of identify {unknown}
 o - a scroll of fog {unknown}
 u - a scroll of enchant armour {unknown}
 v - a scroll of acquirement {unknown}
 y - a scroll of brand weapon {unknown}
Potions
 e - 2 potions of heal wounds {unknown}
 p - a potion of might
 q - a potion of degeneration {unknown}
 t - a potion of curing {unknown}
 w - a potion of brilliance {unknown}


   Skills:
 + Level 6.7 Fighting
 + Level 6.6 Axes
 + Level 6.1 Armour
 + Level 5.5 Dodging
 + Level 3.2 Evocations


You had 7 spell levels left.
You didn't know any spells.
Your spell library was empty.

Dungeon Overview and Level Annotations

Branches:
Dungeon (6/15)             Temple (0/1) D:5

Altars:
Dithmenos
Gozag
Qazlal
Wu Jian
Yredelemnul

Annotations:
D:4 2 transporters, RatsInWalls's ghost, amateur TrMo
D:6 Edmund; Eustachio


Innate Abilities, Weirdness & Mutations

You have a pair of horns on your head.
You reflexively headbutt those who attack you in melee.


Message History

Edmund is lightly wounded.
You slash the bat!
You kill the bat!
The bat's corpse disappears in a puff of smoke!
You feel very sick. The bat hits you but does no damage.
Edmund hits you but does no damage.
You are more poisoned.
You slash Edmund!
Edmund is moderately wounded.
You barely miss the bat.
You feel very sick. The bat hits you but does no damage.
The bat barely misses you.
Edmund hits you with a +1 flail of venom!
* * * LOW HITPOINT WARNING * * *
You are more poisoned.
A red film seems to cover your vision as you go berserk!
You feel yourself moving faster!
You feel mighty!
* * * LOW HITPOINT WARNING * * *
You feel very sick. The bat barely misses you. You furiously retaliate!
You headbutt the bat!
You kill the bat!
The bat's corpse disappears in a puff of smoke!
Edmund hits you with a +1 flail of venom.
* * * LOW HITPOINT WARNING * * *
You are more poisoned.
You barely miss Edmund. Your headbutt misses Edmund.
Edmund is moderately wounded.
You closely miss the quokka.
* * * LOW HITPOINT WARNING * * *
You feel very sick. Edmund hits you but does no damage.
You are more poisoned.
The quokka bites you.
* * * LOW HITPOINT WARNING * * *
You closely miss Edmund.
Edmund is moderately wounded.
You slash the quokka!
You kill the quokka!
The quokka's corpse disappears in a puff of smoke!
You die...

#..#.. .....
#..#.
##...##
..... .o.
#@# #@# #ยง#
##'##
##.@.##
##.....##
##.......##
#.........##
+.........'#
#.........##


You could see Edmund, Eustachio (fast) and an orc.

Vanquished Creatures
  Sigmund (D:3)
  2 black bears (D:5)
  4 ogres
  A centaur (D:5)
  A bullfrog (D:5)
  A howler monkey (D:5)
  A gnoll shaman (D:5)
  A hound (D:6)
  3 orc priests
  An iguana (D:5)
  Terence (D:3)
  Ijyb (D:2)
  5 gnolls (D:5)
  A howler monkey skeleton (D:4)
  7 adders
  An ufetubus (D:4)
  2 worms (D:2)
  2 dart slugs
  8 orcs
  12 ball pythons
  3 bats
  4 endoplasms
  4 giant cockroaches
  12 goblins
  5 hobgoblins
  19 jackals
  4 quokkas
  9 kobolds
  7 rats
123 creatures vanquished.

Notes
Turn   | Place    | Note
-------+----------+-------------------------------------------
     0 | D:1      | dtburroughs the Minotaur Berserker began the quest for the
                  | Orb.
     0 | D:1      | Reached XP level 1. HP: 19/19 MP: 0/0
   282 | D:1      | Reached XP level 2. HP: 24/27 MP: 1/1
   668 | D:1      | Reached ** piety under Trog
   729 | D:1      | Reached XP level 3. HP: 32/33 MP: 2/2
   978 | D:1      | Found a faded altar of an unknown god.
  1525 | D:2      | Reached XP level 4. HP: 38/40 MP: 3/3
  1565 | D:2      | Noticed Ijyb
  1579 | D:2      | Paralysed by Ijyb for 2 turns
  1586 | D:2      | Killed Ijyb
  2045 | D:2      | Found an opulent altar of Gozag.
  2188 | D:3      | Reached *** piety under Trog
  2199 | D:3      | Reached XP level 5. HP: 39/47 MP: 4/4
  2310 | D:3      | Found a stormy altar of Qazlal.
  2321 | D:3      | Noticed Terence
  2337 | D:3      | Killed Terence
  2686 | D:3      | Noticed Sigmund
  2704 | D:3      | Killed Sigmund
  2705 | D:3      | Reached skill level 5 in Fighting
  2705 | D:3      | Reached skill level 5 in Axes
  2705 | D:3      | Reached skill level 1 in Evocations
  2705 | D:3      | Reached XP level 6. HP: 20/56 MP: 5/5
  3299 | D:4      | Found a transporter.
  3303 | D:4      | Found a transporter.
  3303 | D:4      | Noticed RatsInWalls's ghost (amateur TrMo)
  3307 | D:4      | Noticed an ice beast
  3315 | D:4      | Found a basalt altar of Yredelemnul.
  3796 | D:4      | Found an opulent altar of Gozag.
  3965 | D:4      | Found an ornate altar of the Wu Jian Council.
  4215 | D:4      | Reached XP level 7. HP: 61/61 MP: 6/6
  4217 | D:4      | Reached skill level 5 in Armour
  4824 | D:5      | Entered Level 5 of the Dungeon
  5050 | D:5      | Found a shadowy altar of Dithmenos.
  5141 | D:5      | Reached **** piety under Trog
  5142 | D:5      | Reached skill level 5 in Dodging
  5583 | D:5      | Found a staircase to the Ecumenical Temple.
  5665 | D:5      | Reached XP level 8. HP: 70/70 MP: 7/7
  6383 | D:6      | Noticed Eustachio
  6384 | D:6      | Noticed Edmund
  6413 | D:6      | HP: 5/106 [quokka[Eustachio] (3)]
  6414 | D:6      | Succumbed to Edmund's poison

Illustrated notes

Levels and vault maps discovered:
D:1:      saegor_arrival_simple_c, layout_basic,
          dreamdust_ecumenical_altar_hidden_monk_grotto, minmay_3d_cube
D:2:      kennysheep_the_goblin_king, layout_loops_cross, basic_altar,
          minmay_unequal
D:3:      layout_basic, mainiacjoe_overflow_24_doors, uniq_sigmund, uniq_terence
D:4:      layout_basic, mainiacjoe_overflow_six_doors_small,
          amcnicky_altar_gilded, grunt_gozag_statues, gammafunk_ghost_arena
D:5:      layout_gridville, nicolae_dithmenos_shadow_blocks,
          minmay_temple_entry_grid, serial_rivers,
          chequers_serial_rivers_micro_d, chequers_serial_rivers_micro_a,
          chequers_serial_rivers_large_b, chequers_serial_rivers_micro_c,
          chequers_serial_rivers_small_b, chequers_serial_rivers_micro_e,
          minmay_fountain_box, serial_park_tiny_2
D:6:      layout_loops_corners, lemuel_crystal_altar, grunt_decor_resistance,
          grunt_decor_fettered, lexackson_kobold_supper, uniq_eustachio,
          uniq_pikel, uniq_maggie, uniq_edmund

Skill      XL: |  1  2  3  4  5  6  7  8 |
---------------+-------------------------+-----
Fighting       | 4 5 6 |  6.7
Axes           | 4 5 6 |  6.6
Armour         | 3 4 5 6 |  6.1
Dodging        | 3 4 5 |  5.5
Evocations     | 1 2 3 |  3.2

Action                   |  1- 3 |  4- 6 |  7- 9 || total
-------------------------+-------+-------+-------++-------
Melee: Hand axe          |    95 |   110 |       ||   205
       Headbutt          |    17 |    21 |    18 ||    56
       War axe           |       |    12 |    83 ||    95
Invok: Berserk           |       |     2 |     2 ||     4
       Trog's Hand       |       |     1 |     1 ||     2
Armor: Animal skin       |    19 |       |       ||    19
       Chain mail        |    16 |    53 |    67 ||   136
       Scale mail        |    12 |       |       ||    12
Dodge: Dodged            |    66 |    72 |    61 ||   199
